 Dungeon Crawl Stone Soup version 0.21-a0-243-g597973d (webtiles) character file.

81 Pippin the Cutter (level 4, -4/26 HPs)
             Began as a Kobold Wanderer on Sept 4, 2017.
             Slain by a human (9 damage)
             ... on level 2 of the Dungeon.
             The game lasted 00:04:28 (3770 turns).

Pippin the Cutter (Kobold Wanderer)                 Turns: 3770, Time: 00:04:28

Health: -4/26      AC:  3    Str:  9    XL:     4   Next: 68%
Magic:  4/4        EV: 12    Int: 16    God:
Gold:   43         SH:  0    Dex: 15    Spells: 3/3 levels left

rFire    . . .     SeeInvis .   c - +0 short sword
rCold    . . .     Gourm    .   (shield restricted)
rNeg     . . .     Faith    .   l - +0 leather armour (curse)
rPois    .         Spirit   .   (no helmet)
rElec    .         Reflect  .   (no cloak)
rCorr    .         Harm     .   (no gloves)
MR       .....                  (no boots)
Stlth    ++........             (no amulet)
HPRegen  0.08/turn              e - +3 ring of intelligence
MPRegen  0.09/turn              (no ring)

@: no status effects
A: carnivore 3
a: no special abilities


You were on level 2 of the Dungeon.
You were not hungry.

You visited 1 branch of the dungeon, and saw 2 of its levels.

You collected 43 gold pieces.

Inventory:

Hand Weapons
 b - a +2 blowgun
 c - a +0 short sword (weapon)
Missiles
 a - a curare-tipped needle
 i - 6 tomahawks (quivered)
Armour
 l - a cursed +0 leather armour (worn)
Jewellery
 e - a +3 ring of intelligence (left hand)
Wands
 d - a wand of polymorph (6/24)
 n - a wand of digging (9/24)
Scrolls
 g - a scroll of recharging {unknown}
 h - a scroll of amnesia {unknown}
 m - a scroll of teleportation {unknown}
Potions
 j - 2 potions of flight {unknown}
 k - a potion of haste {unknown}
Comestibles
 f - 2 meat rations


   Skills:
 - Level 2.1 Fighting
 + Level 6.4 Short Blades
 - Level 2.1 Throwing
 - Level 1.5 Armour
 * Level 4.1 Stealth


You had 3 spell levels left.
You didn't know any spells.

Dungeon Overview and Level Annotations

Branches:
Dungeon (2/15)

Altars:
Yredelemnul


Innate Abilities, Weirdness & Mutations

You are small and have problems with some larger weapons.
You are carnivorous and can eat meat at any time.


Message History

Unknown command.
You hit the human.
The human is moderately wounded.
The human barely misses you.
You closely miss the human.
The human is moderately wounded.
You hit the human.
The human is moderately wounded.
The human closely misses you.
You closely miss the human.
The human is moderately wounded.
The human misses you.
You hit the human.
The human is heavily wounded.
The human hits you!
* * * LOW HITPOINT WARNING * * *
You hit the human.
The human is heavily wounded.
The human hits you!
You die...

# #....# # #....# # #.##.###
# ###+###### #.....8# #
##........# #.....$# #
#.........## #.....##### #
#..........# #.###.#...# #
#.....##...#####.#.'.#._.#
####............@pl.###.#...#
..........#...#####.....#####
####......#...# #......#
#..........# #.....8#
###.######.# ########
#.######.# #........#
##########


You could see a human and a frilled lizard.

Vanquished Creatures
  Jessica (D:2)
  2 adders (D:2)
  2 dart slugs (D:1)
  An orc (D:1)
  3 bats (D:1)
  A giant cockroach (D:1)
  A goblin (D:1)
  5 hobgoblins
  3 jackals (D:1)
  4 ball pythons (D:1)
  2 frilled lizards (D:1)
  A goblin zombie (D:2)
  7 kobolds (D:1)
33 creatures vanquished.

Notes
Turn   | Place    | Note
-------+----------+-------------------------------------------
     0 | D:1      | Pippin the Kobold Wanderer began the quest for the Orb.
     0 | D:1      | Pippin set off with: a curare-tipped needle, a +2 blowgun, a +0 short sword, a +0 ring mail, a meat ration
     0 | D:1      | Reached XP level 1. HP: 12/12 MP: 1/1
   158 | D:1      | Reached skill level 1 in Stealth
   179 | D:1      | Reached XP level 2. HP: 17/17 MP: 2/2
   897 | D:1      | Reached XP level 3. HP: 17/21 MP: 3/3
  1497 | D:1      | Reached skill level 6 in Short Blades
  3645 | D:2      | Noticed Jessica
  3651 | D:2      | Killed Jessica
  3651 | D:2      | Reached XP level 4. HP: 26/26 MP: 4/4
  3729 | D:2      | Noticed a human
  3730 | D:2      | Found a runed door.
  3738 | D:2      | Found a basalt altar of Yredelemnul.
  3770 | D:2      | Slain by a human

Vault maps used:
D:1:      saegor_arrival_simple_e
D:2:      supply_closet_lemuel, roderic_serpentine_path, columned_hall_lemuel,
          dk_yredelemnul_ordeal, uniq_jessica, uniq_robin, uniq_natasha

Skill      XL: |  1  2  3 |
---------------+----------+-----
Stealth        | 1 2 4 |  4.1
Short Blades   | 6 |  6.4
Fighting       | |  2.1
Throwing       | |  2.1
Armour         | |  1.5

Action                   |  1- 3 |  4- 6 || total
-------------------------+-------+-------++-------
Melee: Short sword       |   123 |    22 ||   145
 Stab: Sleeping          |     1 |     1 ||     2
  Eat: Chunk             |    10 |       ||    10
Armor: Ring mail         |    46 |       ||    46
       Leather armour    |       |     2 ||     2
Dodge: Dodged            |    61 |     9 ||    70

Table legend:
 A = Spawn XP
 B = Non-spawn XP
 C = Spawn XP percentage of total XP
 D = Spawn monster count
 E = Non-spawn monster count
 F = Spawn count percentage of total count
 G = Total turns spent on level
                    A         B        C        D         E        F      G
               +---------+---------+-------+---------+---------+-------+---------
         Total |      26 |      91 |  22.2 |      14 |      19 |  42.4 |  3770
               +---------+---------+-------+---------+---------+-------+---------
           D:1 |      26 |      25 |  51.0 |      14 |      14 |  50.0 |  3498
           D:2 |       0 |      66 |   0.0 |       0 |       5 |   0.0 |   272
               +---------+---------+-------+---------+---------+-------+---------
